 Dungeon Crawl Stone Soup version 0.18.1-48-g4cf74bf (webtiles) character file.

6398 Gargoyl the Protected (level 10, -9/86 HPs)
             Began as a Demonspawn Abyssal Knight on July 18, 2016.
             Was a High Priest of Lugonu.
             Mangled by an earth elemental (32 damage)
             ... summoned by a deep elf mage
             ... on level 12 of the Dungeon.
             The game lasted 00:31:55 (12040 turns).

Gargoyl the Protected (Demonspawn Abyssal Knight)  Turns: 12040, Time: 00:31:56

Health: -9/86      AC: 16    Str: 19    XL:     10   Next: 66%
Magic:  11/11      EV:  7    Int: 12    God:    Lugonu [*****.]
Gold:   468        SH:  4    Dex: 13    Spells: 0 memorised, 9 levels left

rFire  + . .     SeeInvis .     x - +0 broad axe
rCold  + . .     Gourm    +     h - +0 plate armour
rNeg   . . .     Faith    .     G - +0 buckler
rPois  +         Spirit   .     (helmet unavailable)
rElec  .         Dismiss  .     U - +0 cloak (curse)
rCorr  .         Reflect  .     (no gloves)
SustAt .         Harm     .     (boots unavailable)
MR     .....                    f - amulet of the gourmand
Stlth  ..........               n - ring of poison resistance
                                m - +4 ring of strength

@: not resistant to hostile enchantments, extremely unstealthy
A: horns 3, talons 3, cold resistance 1, demonic guardian 1, dopey 1, fire
resistance 1, low mp 1, sense surroundings 1, poison resistance, robust 1
a: Depart the Abyss, Bend Space, Banish, Corrupt, Enter the Abyss, Renounce
Religion


You were on level 12 of the Dungeon.
You worshipped Lugonu.
Lugonu was extremely pleased with you.
You were full.

You visited 1 branch of the dungeon, and saw 12 of its levels.
You visited the Abyss 1 time.
You also visited: Sewer and Ossuary.

You collected 513 gold pieces.
You spent 45 gold pieces at shops.

Inventory:

Hand Weapons
 x - a +0 broad axe (weapon)
Missiles
 e - 4 javelins (quivered)
 B - 5 tomahawks
Armour
 h - a +0 plate armour (worn)
 k - a +1 pair of boots
 D - the +2 hat of the Bear Spirit {Spirit, +Rage rN+ MR++}
   (You found it on level 5 of the Dungeon)

   It protects you from negative energy.
   It affects your resistance to hostile enchantments.
   It lets you go berserk.
 G - a +0 buckler (worn)
 U - a cursed +0 cloak (worn)
Jewellery
 f - an amulet of the gourmand (around neck)
 m - a +4 ring of strength (left hand)
 n - a ring of poison resistance (right hand)
 C - an uncursed ring of sustain attributes
 O - an uncursed ring of flight {unknown}
Wands
 a - a wand of teleportation (4/9)
 o - a wand of polymorph (17/24)
 p - a wand of polymorph (6/24)
 r - a wand of iceblast (6/15)
 N - a wand of digging (12/24)
 V - a wand of lightning (11/15)
Scrolls
 i - 13 scrolls of identify
 j - 2 scrolls of fog
 l - 4 scrolls of amnesia
 u - 11 scrolls of teleportation
 v - a scroll of enchant weapon
 y - 2 scrolls of magic mapping
 z - 2 scrolls of blinking
 M - 4 scrolls of remove curse
Potions
 q - a potion of heal wounds
 s - a potion of cure mutation {unknown}
 t - 5 potions of curing
 E - a potion of cancellation {unknown}
 H - 2 potions of magic {unknown}
 I - 2 potions of haste {unknown}
 J - 3 potions of berserk rage
 K - a potion of ambrosia {unknown}
 P - 3 potions of agility
 Q - 3 potions of lignification {unknown}
 R - a potion of brilliance {unknown}
 S - a potion of beneficial mutation {unknown}
 T - a potion of degeneration {unknown}
 W - a potion of flight {unknown}
Books
 g - a book of the Warp

   Spells                             Type                      Level
   a - Recall                         Summoning/Translocation      3
   b - Gell's Gravitas                Hexes/Translocation          3
   c - Force Lance                    Conjuration/Translocation    4
   d - Warp Weapon                    Charms/Translocation         5
   e - Summon Forest                  Summoning/Translocation      5
 w - a book of Necromancy

   Spells                             Type                      Level
   a - Pain                           Necromancy                   1
   b - Animate Skeleton               Necromancy                   1
   c - Vampiric Draining              Necromancy                   3
   d - Regeneration                   Charms/Necromancy            3
   e - Animate Dead                   Necromancy                   4
   f - Control Undead                 Necromancy                   4
 A - a book of Callings

   Spells                             Type                      Level
   a - Summon Small Mammal            Summoning                    1
   b - Call Imp                       Summoning                    2
   c - Call Canine Familiar           Summoning                    3
   d - Summon Guardian Golem          Hexes/Summoning              3
   e - Summon Lightning Spire         Summoning/Air                4
   f - Summon Ice Beast               Ice/Summoning                4
Comestibles
 b - 3 beef jerkies
 c - 10 bread rations
 d - 5 meat rations
 F - 4 fruits
 L - 10 slices of pizza


   Skills:
 + Level 7.5 Fighting
 + Level 6.5 Axes
 + Level 0.6 Throwing
 * Level 11.0 Armour
 + Level 2.8 Dodging
 + Level 1.0 Stealth
 + Level 2.7 Shields
 + Level 2.9 Invocations
 + Level 1.2 Evocations


You had 9 spell levels left.
You didn't know any spells.

Dungeon Overview and Level Annotations

Branches:
Dungeon (13/15)            Temple (0/1) D:6            Lair (0/8) D:9
    Orc: D:9-12      Vaults: D:13-14

Altars:
Ashenzari
Cheibriados
Elyvilon
Kikubaaqudgha
Nemelex Xobeh
Okawaru
Qazlal
Ru
Vehumet
Xom
Yredelemnul
Zin

Shops:
D:9 !


Innate Abilities, Weirdness & Mutations

You have a pair of large horns on your head.
You have claws for feet.
Your flesh is cold resistant.
A weak demonic guardian rushes to your aid.
You are dopey. (Int -2)
Your flesh is heat resistant.
Your magical capacity is low (-10% MP).
You passively map a small area around you.
Your system is resistant to poisons.
You are robust (+10% HP).


Message History

Your ufetubus completely misses the deep elf mage. x2
The deep elf mage hits your ufetubus with a short sword.
Your ufetubus dies!
The earth elemental hits you but does no damage.
Your iron imp hits the deep elf mage but does no damage.
Unknown command.
You hit the deep elf mage. Your kick misses the deep elf mage.
The deep elf mage is severely wounded.
You slash the earth elemental!
The earth elemental is moderately damaged.
The deep elf mage mumbles some strange words.
The deep elf mage blinks!
Unknown command.
The deep elf mage casts a spell at you. The stone arrow hits you!
* * * LOW HITPOINT WARNING * * *
Your iron imp misses the deep elf mage.
Drink which item? (? for menu, Esc to quit)
You feel better. The earth elemental hits you!!
You die...

#...... , , #.....#*
* , ,#(....# , ,
,#.....+ ,,#.....# ,
,#.....+ +.....# * ,
#..E..#,, * #...@.#
, , * ,#..5e.## +...
*, , ###....# *....
, ,, #)...# ,
.<..####### #....#
*..........#,#....#,
,*..........###..###
, ...............# ,
#...........# ,,


You could see an earth elemental, a deep elf mage and a friendly iron imp.

Vanquished Creatures
  Maurice (D:12)
  An efreet (D:9)
  A komodo dragon (D:9)
  The ghost of GFox the Covered, an amateur MiFi of Fedhas (D:7)
  A troll (D:9)
  2 wraiths
  2 yaks (D:10)
  Grum (D:10)
  Menkaure (D:5)
  3 orc warriors
  A phantom (D:8)
  2 sky beasts
  An ice beast (D:10)
  The ghost of Dickchan the Ruffian, an amateur NaTm (Sewer)
  5 ogres
  The ghost of Gargoyl the Skirmisher, an amateur DsAK of Lugonu (D:4)
  3 wolves (D:10)
  A crocodile (D:9)
  2 centaurs (D:10)
  5 big kobolds
  A giant frog (D:10)
  3 killer bees (D:10)
  2 scorpions
  6 wights
  5 crimson imps
  6 hounds
  4 jellies
  An orc priest (D:5)
  5 orc wizards
  5 iguanas
  Natasha (twice) (D:3)
  7 worker ants
  4 mummies
  18 adders
  A gnoll (D:2)
  2 river rats (Sewer)
  7 oozes
  An adder skeleton (D:9)
  8 worms
  4 dart slugs
  10 giant geckos
  30 orcs
  6 giant cockroaches
  A gnoll zombie (Ossuary)
  6 goblins
  12 hobgoblins
  11 jackals
  3 quokkas
  8 ball pythons
  6 bats
  4 giant gecko skeletons
  4 giant newts
  2 goblin zombies (Ossuary)
  2 hobgoblin zombies (Ossuary)
  14 kobolds
  4 kobold zombies (Ossuary)
  An orc zombie (Ossuary)
  7 rats
  A plant (D:9)
260 creatures vanquished.

Vanquished Creatures (collateral kills)
  2 yaks (D:10)
  A water moccasin (D:8)
  An ogre (D:4)
  A wolf (D:10)
  A scorpion (D:4)
  A wight (D:7)
  A howler monkey (D:4)
  A jelly (D:5)
  Ijyb (D:3)
  2 orc wizards
  A worker ant (D:3)
  Natasha (D:3)
  A human simulacrum (D:9)
  An adder (D:5)
  2 orcs
  A goblin (D:3)
19 creatures vanquished.

Vanquished Creatures (others)
  A wight (D:9)
  An orc wizard (D:8)
  A human simulacrum (D:9)
  An orc (D:8)
  A plant (D:9)
5 creatures vanquished.

Grand Total: 284 creatures vanquished

Notes
Turn   | Place    | Note
--------------------------------------------------------------
     0 | Abyss:1  | Gargoyl the Demonspawn Abyssal Knight began the quest for the Orb.
     0 | Abyss:1  | Reached XP level 1. HP: 18/18 MP: 2/2
    36 | Abyss:2  | Noticed a bone dragon
    37 | Abyss:2  | Noticed a fire crab
    38 | D:1      | Escaped the Abyss
   311 | D:1      | Reached * piety under Lugonu
   358 | D:1      | Gained mutation: Your flesh is cold resistant. [demonic ancestry]
   358 | D:1      | Reached XP level 2. HP: 16/24 MP: 3/3
   747 | D:1      | Reached skill level 2 in Armour
  1117 | D:2      | Gained mutation: You have a pair of small horns on your head. [demonic ancestry]
  1117 | D:2      | Reached XP level 3. HP: 16/29 MP: 5/5
  1578 | D:2      | Found a snail-covered altar of Cheibriados.
  1929 | D:2      | Reached skill level 1 in Dodging
  2008 | D:2      | Gained mutation: A weak demonic guardian rushes to your aid. [demonic ancestry]
  2008 | D:2      | Reached XP level 4. HP: 35/35 MP: 6/6
  2271 | D:2      | Found an iron altar of Okawaru.
  2455 | D:2      | Reached ** piety under Lugonu
  2834 | D:3      | Reached skill level 3 in Armour
  3022 | D:3      | Gained mutation: You have sharp toenails. [demonic ancestry]
  3022 | D:3      | Reached XP level 5. HP: 42/42 MP: 7/7
  3039 | D:3      | Noticed Ijyb
  3040 | D:3      | Noticed Natasha
  3060 | D:3      | Killed Ijyb
  3067 | D:3      | Killed Natasha
  3146 | D:3      | Noticed Natasha
  3152 | D:3      | Killed Natasha
  3178 | D:3      | Noticed Natasha
  3190 | D:3      | Killed Natasha
  3406 | D:3      | Reached XP level 6. HP: 46/48 MP: 8/8
  3476 | D:4      | Reached *** piety under Lugonu
  3484 | D:3      | Reached skill level 4 in Armour
  3708 | D:4      | Noticed a fire elemental
  3710 | D:4      | Found a stormy altar of Qazlal.
  3713 | D:4      | Noticed an air elemental
  3713 | D:4      | Noticed a water elemental
  3784 | D:4      | Reached skill level 5 in Armour
  3817 | D:4      | Noticed Gargoyl's ghost (amateur DsAK)
  3828 | D:4      | Killed Gargoyl's ghost
  3828 | D:4      | Gained mutation: You have a pair of horns on your head. [demonic ancestry]
  3828 | D:4      | Reached XP level 7. HP: 48/55 MP: 9/9
  3848 | D:4      | Found a sparkling altar of Nemelex Xobeh.
  4062 | D:4      | Found an ancient bone altar of Kikubaaqudgha.
  4241 | D:5      | Entered Level 5 of the Dungeon
  4257 | D:5      | Found a basalt altar of Yredelemnul.
  4289 | D:5      | Reached skill level 6 in Armour
  4509 | D:5      | Noticed Menkaure
  4518 | D:5      | Killed Menkaure
  4719 | D:5      | Reached skill level 1 in Stealth
  4719 | D:5      | Reached XP level 8. HP: 60/61 MP: 10/10
  4874 | D:5      | Reached **** piety under Lugonu
  5045 | D:5      | Reached skill level 5 in Fighting
  5292 | D:5      | Reached skill level 7 in Armour
  5379 | D:6      | Found a staircase to the Ecumenical Temple.
  5561 | D:6      | Found a glowing drain.
  5572 | Sewer    | Entered a sewer
  5680 | Sewer    | Noticed Dickchan's ghost (amateur NaTm)
  5711 | Sewer    | Killed Dickchan's ghost
  5950 | Sewer    | Reached skill level 8 in Armour
  6272 | Sewer    | Reached ***** piety under Lugonu
  6424 | D:6      | Found a glowing silver altar of Zin.
  6996 | D:7      | Gained mutation: You have razor-sharp toenails. [demonic ancestry]
  6996 | D:7      | Reached XP level 9. HP: 60/69 MP: 9/11
  7012 | D:7      | Noticed GFox's ghost (amateur MiFi)
  7028 | D:7      | Killed GFox's ghost
  7028 | D:7      | Reached skill level 1 in Shields
  7253 | D:7      | Found a sacrificial altar of Ru.
  7500 | D:7      | Reached skill level 5 in Axes
  7668 | D:7      | Found a shattered altar of Ashenzari.
  7908 | D:8      | Found a shimmering altar of Xom.
  7940 | D:8      | Reached skill level 9 in Armour
  7997 | D:8      | Found a sand-covered staircase.
  8013 | Ossuary  | Entered an ossuary
 10008 | D:9      | Found a staircase to the Lair.
 10009 | D:9      | Noticed a komodo dragon
 10042 | D:9      | Killed a komodo dragon
 10151 | D:9      | Found a radiant altar of Vehumet.
 10256 | D:9      | Found Rohoz's Distillery.
 10269 | D:9      | Bought a potion of curing for 45 gold pieces
 10356 | D:9      | Reached XP level 10. HP: 70/77 MP: 10/12
 10434 | D:9      | Reached skill level 10 in Armour
 10697 | D:9      | Reached skill level 1 in Evocations
 10727 | D:9      | Found a white marble altar of Elyvilon.
 10824 | D:10     | Entered Level 10 of the Dungeon
 11138 | D:10     | Noticed Grum
 11162 | D:10     | Killed Grum
 11522 | D:10     | Gained mutation: You are dopey. (Int -2) [potion of mutation]
 11522 | D:10     | Gained mutation: You passively map a small area around you. [potion of mutation]
 11522 | D:10     | Gained mutation: You have a pair of large horns on your head. [potion of mutation]
 11775 | D:10     | Gained mutation: You have claws for feet. [potion of mutation]
 11775 | D:10     | Gained mutation: You are robust (+10% HP). [potion of mutation]
 11776 | D:10     | Gained mutation: Your system is resistant to poisons. [potion of mutation]
 11776 | D:10     | Gained mutation: Your flesh is heat resistant. [potion of mutation]
 11776 | D:10     | Gained mutation: Your magical capacity is low (-10% MP). [potion of mutation]
 11925 | D:10     | You fall through a shaft for 3 floors!
 11988 | D:12     | Noticed Maurice
 11998 | D:12     | Killed Maurice
 11998 | D:12     | Reached skill level 11 in Armour
 12027 | D:12     | Noticed a deep elf mage
 12040 | D:12     | Mangled by an earth elemental

Skill      XL: |  1  2  3  4  5  6  7  8  9 10 |
---------------+-------------------------------+-----
Axes           | 2 3 4 5 6 |  6.5
Armour         | 2 3 5 6 8 9 11 | 11.0
Dodging        | 1 2 |  2.8
Fighting       | 4 5 6 7 |  7.5
Stealth        | 1 |  1.0
Shields        | 2 |  2.7
Evocations     | 1 |  1.2
Throwing       | |  0.6
Invocations    | |  2.9

Action                   |  1- 3 |  4- 6 |  7- 9 | 10-12 || total
-------------------------+-------+-------+-------+-------++-------
Melee: Hand axe          |   137 |   173 |   653 |       ||   963
       Headbutt          |     9 |    32 |   142 |    41 ||   224
       Broad axe         |       |       |    56 |   200 ||   256
       Kick              |       |       |       |     5 ||     5
Throw: Javelin           |       |     4 |       |       ||     4
Invok: Depart the Abyss  |     1 |       |       |       ||     1
 Abil: Evoke Berserk Rag |       |       |     2 |     1 ||     3
  Use: Scroll            |     2 |     6 |     9 |       ||    17
       Potion            |       |       |       |    10 ||    10
 Stab: Distracted        |       |     2 |       |       ||     2
  Eat: Chunk             |    12 |     6 |    23 |     6 ||    47
Armor: Scale mail        |    10 |       |       |       ||    10
       Plate armour      |   105 |   169 |   441 |   205 ||   920
Dodge: Dodged            |    41 |    67 |   192 |   105 ||   405
Block: Buckler           |       |       |    89 |    59 ||   148
